 Dungeon Crawl Stone Soup version 0.31-a0-165-g3f4f80340b (webtiles) character file.

Game seed: 11506199003965855129

142625 qw the Severer (level 17, -1/111 HPs)
             Began as a Gargoyle Fighter on June 13, 2023.
             Was an Elder of Okawaru.
             Slain by a sun moth (27 damage)
             ... on level 3 of the Spider Nest.
             The game lasted 00:19:36 (30743 turns).

qw the Severer (Gargoyle Fighter)                  Turns: 30743, Time: 00:19:36

Health: -1/111     AC: 43    Str: 38    XL:     17   Next: 35%
Magic:  24/24      EV: 10    Int: 10    God:    Okawaru [****..]
Gold:   315        SH: 13    Dex:  4    Spells: 16/16 levels left

rFire   + . .        Y - +3 broad axe (flame)
rCold   + . .        f - +0 kite shield {rC+}
rNeg    + . .        c - +2 plate armour {rF+}
rPois   inf          x - +2 hat {Will+}
rElec   +            y - +0 cloak
rCorr   .            j - +2 pair of gloves of Gallantry {Str+5 Dex-5}
SInv    +            v - +1 pair of boots
Will    ++...        (no amulet) Stlth
                     n - +6 ring of strength
HPRegen 0.38/turn    l - ring of see invisible
MPRegen 0.19/turn

%: no passive effects
@: about to teleport, heroic, flying, glowing
A: sickness immunity, AC +12, big wings, negative energy resistance 1,
electricity resistance, torment resistance 1, petrification resistance
a: Renounce Religion, Heroism, Finesse


You were on level 3 of the Spider Nest.
You worshipped Okawaru.
Okawaru was greatly pleased with you.
You visited 4 branches of the dungeon, and saw 25 of its levels.
You also visited: Sewer and Gauntlet.

You collected 2183 gold pieces.
You spent 1868 gold pieces at shops.


Innate Abilities, Weirdness & Mutations

You are immune to sickness and miasma.
Your stone body is resilient. (AC +12)
You are immune to poison.
Your large and strong wings let you fly.
You resist negative energy. (rN+)
You are resistant to electric shocks. (rElec)
You are resistant to unholy torment.
You are immune to petrification.


   Skills:
 - Level 14.0(19.0) Fighting
 - Level 18.0(23.0) Axes
 - Level 7.5(12.5) Throwing
 + Level 12.6(17.6) Armour
 - Level 3.1(8.1) Dodging
 - Level 14.0(19.0) Shields
 - Level 10.0 Invocations


You had 16 spell levels left.
You didn't know any spells.
Your spell library was empty.

Inventory:

Hand Weapons
 Y - a +3 broad axe of flaming (weapon)
Missiles
 m - 3 javelins (quivered)
 p - 9 boomerangs
Armour
 c - a +2 plate armour of fire resistance (worn)
 f - a +0 kite shield of cold resistance (worn)
 j - the +2 pair of gloves of Gallantry (worn) {Str+5 Dex-5}
   (You acquired it on level 8 of the Dungeon)

   Str:       It affects your strength (+5).
   Dex:       It affects your dexterity (-5).
 v - a +1 pair of boots (worn)
 x - a +2 hat of willpower (worn)
 y - a +0 cloak (worn)
 D - +0 acid dragon scales
Jewellery
 a - a ring of resist corrosion
 e - a ring of protection from fire
 l - a ring of see invisible (right hand)
 n - a +6 ring of strength (left hand)
 z - the ring of Xom's Entertainment {Str+3 Int+6}
   (You found it in a Gauntlet)

   [ring of intelligence]

   Str:       It affects your strength (+3).
   Int:       It affects your intelligence (+6).
 B - a ring of protection from cold
 C - a ring of protection from cold
Wands
 t - a wand of digging (10)
Scrolls
 h - 7 scrolls of identify
Potions
 b - a potion of attraction
 d - 5 potions of might
 g - 6 potions of lignification
 i - 7 potions of curing
 k - 4 potions of magic
 o - 4 potions of haste
 r - 4 potions of resistance
 w - a potion of mutation

Dungeon Overview and Level Annotations

Branches:
Dungeon (15/15)            Temple (0/1) D:5            Lair (5/5) D:8
 Shoals (0/4) Lair:3       Spider (3/4) Lair:3        Slime (0/5) Lair:5
    Orc (2/2) D:12            Elf (0/3) Orc:2        Vaults (0/5) D:13
 Depths (0/4) D:15          Sewer (visited)         Gauntlet (visited)

Altars:
Cheibriados
Elyvilon
Fedhas
Okawaru
Qazlal
Ru
Trog
Uskayaw
Wu Jian
Xom
Yredelemnul
The Shining One

Shops:
D:9 *   Orc:2 ([!!*

Annotations:
D:3 3 runed translucent doors, qw's ghost, amateur NaHu
D:11 1 runed translucent door, qw's ghost, journeyman GrFi
D:15 2 transporters, brae's ghost, adept HuBe
Lair:4 1 runed translucent door, qw's ghost, journeyman GrFi
Lair:5 exclusion: 2 oklob plants
Orc:1 3 runed translucent doors, 4 transporters, Lepuefeh's ghost, journeyman MiBe


Message History

You burn the moth of wrath.
You are covered in liquid flames!
You block the culicivora's attack. The sun moth bites you!
You are covered in liquid flames.
You are covered in liquid flames!
The moth of wrath goads the culicivora on!
The culicivora goes berserk!
The culicivora closely misses you.
The sun moth bites you but does no damage.
You carve the moth of wrath like a ham!!!
You burn the moth of wrath!
You kill the moth of wrath!
Okawaru accepts your kill.
You slash the sun moth! You burn the sun moth. You slash the culicivora!
You burn the culicivora.
You are covered in liquid flames!
The culicivora misses you. You block the sun moth's attack.
You carve the culicivora like a ham!!! You burn the culicivora.
You kill the culicivora!
Okawaru accepts your kill.
You slice the sun moth!! You burn the sun moth.
You are covered in liquid flames!
The sun moth bites you!!
30741 ||| READING scroll of teleportation.
As you read the scroll of teleportation, it crumbles to dust.
You feel strangely unstable.
You are covered in liquid flames!
The sun moth closely misses you. You block the wolf spider's attack. x2
You block the sun moth's attack.
30742 ||| DRINKING potion of heal wounds.
You feel much better.
You are covered in liquid flames!
The sun moth bites you but does no damage.
You block the wolf spider's attack. x2; The broodmother summons spiders!
The sun moth bites you but does no damage.
You slash the sun moth!
The sun moth is heavily wounded.
You barely miss the wolf spider. You slice the broodmother!!
You burn the broodmother. You hit the culicivora. You burn the culicivora.
The sun moth bites you!!
You die...

#.... ..#.. . #....
##..#.. .. ....#.../....
.^. ..(......... .....
........... ......
..#s...... ~.#...^#
#.....##s(......#
~~.....###.^..sy@(s...<..
~#..^#~~##...^.sss.%.#.^.
~.....~~#~##....#....#
~~~#..~~~#~......^..~#
~~~....~.##....#.#.~~#
~~~#...#.....#.^~#~~~#
~~.~#...........~...~##
~...#..........^#....~#
......................##


You could see a broodmother, a sun moth (berserk), 3 wolf spiders, an orb
spider, a culicivora (summoned) and a tarantella.

Vanquished Creatures
  Agnes (Spider:2)
  2 emperor scorpions
  Aizul (Spider:2)
  A fire giant (D:15)
  2 ghost moths
  A broodmother (Spider:3)
  Nessos (D:14)
  A minotaur (Gauntlet)
  A spark wasp (Spider:2)
  Snorg (D:11)
  An entropy weaver (Spider:2)
  3 ogre magi
  A catoblepas (Gauntlet)
  5 hydras
  A centaur warrior (D:14)
  2 jorogumos (Spider:2)
  11 boulder beetles
  2 radroaches
  13 two-headed ogres
  A two-headed ogre (shapeshifter) (D:14)
  9 death yaks (Lair:5)
  3 demonic crawlers
  A tengu warrior (D:12)
  5 pharaoh ants
  Amaemon (Lair:1)
  A sun moth (Spider:1)
  7 skeletal warriors
  2 deep trolls (Orc:2)
  7 orb spiders
  An orange crystal statue (Lair:5)
  3 wizards
  2 lindwurms (Lair:5)
  2 deep elf pyromancers
  3 steelbarb worms
  2 orc knights
  A necromancer (D:13)
  7 cyclopes
  An oklob plant (Gauntlet)
  An orc sorcerer (Orc:2)
  16 wolf spiders
  24 ugly things
  5 manticores
  2 moths of wrath
  3 elephants (Lair:5)
  4 black mambas
  A molten gargoyle (Gauntlet)
  2 gargoyles (Gauntlet)
  5 torpor snails
  10 cane toads
  An orange demon (Lair:1)
  An unseen horror (D:12)
  4 komodo dragons
  2 rime drakes
  A kobold demonologist (D:13)
  An efreet (D:15)
  A komodo dragon (shapeshifter) (D:15)
  2 tengu conjurers
  7 meliai
  19 trolls
  2 polar bears
  Prince Ribbit (Lair:1)
  27 blink frogs
  16 tarantellas
  7 dream sheep (Lair:4)
  20 jumping spiders
  3 wraiths
  10 culicivoras
  10 slime creatures (D:12)
  A vampire (D:14)
  A shadow (D:9)
  6 wyverns
  4 basilisks
  63 yaks
  A yak (shapeshifter) (D:14)
  4 vampire mosquitoes (D:11)
  A warg (Orc:1)
  A steam dragon (D:9)
  29 redbacks
  16 water moccasins
  5 acid dragons
  3 ice beasts
  20 orc warriors
  2 black bears
  A sky beast (D:8)
  21 wolves
  23 ogres
  2 centaurs
  2 phantoms (D:6)
  8 kobold brigands
  17 bullfrogs
  2 gnoll sergeants
  2 scorpions
  8 wights
  20 killer bees
  3 electric eels
  3 lava snakes (Lair:5)
  7 hounds
  A gnoll bouda (D:8)
  19 orc priests
  A sleepcap (D:6)
  2 iguanas
  20 orc wizards
  7 hell rats
  Robin (D:3)
  11 gnolls
  9 adders
  3 river rats (Sewer)
  A shadow imp (D:5)
  2 white imps
  An ufetubus (D:4)
  5 dart slugs
  58 orcs
  11 ball pythons
  4 bats
  7 endoplasms
  4 giant cockroaches
  15 goblins
  9 hobgoblins
  7 jackals
  35 kobolds
  4 quokkas (D:1)
  2 frilled lizards
  23 rats
856 creatures vanquished.

Notes
Turn   | Place    | Note
-------+----------+-------------------------------------------
     0 | D:1      | qw the Gargoyle Fighter began the quest for the Orb.
     0 | D:1      | Reached XP level 1. HP: 14/14 MP: 1/1
     0 | D:1      | 0 ||| qw: Version: 0.2-a-29-gc1b59c4
     0 | D:1      | 0 ||| qw: Game counter: 4732
     0 | D:1      | 0 ||| qw: Always use a shield: true
     0 | D:1      | 0 ||| qw: God list: Okawaru
     0 | D:1      | 0 ||| qw: Allow faded altars: false
     0 | D:1      | 0 ||| qw: Do Orc after D:15 true
     0 | D:1      | 0 ||| qw: Do second Lair branch before Depths: true
     0 | D:1      | 0 ||| qw: Lair rune preference: random
     0 | D:1      | 0 ||| qw: Plans: Normal, Zot:1-4, Slime:5, God:TSO, Crypt,
                  | Tomb, Abyss, Pan, Hells, Win
     0 | D:1      | 0 ||| PLANNING D:1-11
    53 | D:1      | Reached skill level 2 in Axes
   133 | D:1      | Reached XP level 2. HP: 19/19 MP: 2/2
   221 | D:1      | 221 ||| Stepping ~*~*~tactically~*~*~ (stealth).
   366 | D:1      | Reached skill level 3 in Axes
   417 | D:1      | Reached XP level 3. HP: 20/23 MP: 3/3
   653 | D:1      | 653 ||| READING 2 scrolls labelled JOJAECLIPIM.
   658 | D:1      | 658 ||| READING 2 scrolls labelled FUCORU SACW.
   672 | D:1      | 672 ||| READING 2 scrolls labelled LIYTHR LATOUNN.
   673 | D:1      | 673 ||| READING scroll labelled SAFFUO GEOHER.
   674 | D:1      | 674 ||| DROPPING scroll of torment.
   713 | D:2      | 713 ||| FLEEEEING.
   723 | D:2      | 723 ||| Stepping ~*~*~tactically~*~*~ (hiding).
   727 | D:2      | 727 ||| Stepping ~*~*~tactically~*~*~ (stealth).
   758 | D:2      | 758 ||| Stepping ~*~*~tactically~*~*~ (hiding).
   890 | D:2      | 890 ||| Stepping ~*~*~tactically~*~*~ (hiding).
   937 | D:2      | Reached XP level 4. HP: 24/28 MP: 4/4
   970 | D:2      | Found a white marble altar of Elyvilon.
  1199 | D:2      | 1199 ||| DROPPING +3 leather armour.
  1200 | D:2      | 1200 ||| READING scroll labelled QUETEV MYTA.
  1201 | D:2      | 1201 ||| READING 3 scrolls labelled METALUO IKUS.
  1202 | D:2      | 1202 ||| READING scroll labelled AFUARR ADIMO.
  1203 | D:2      | 1203 ||| DROPPING 2 scrolls of immolation.
  1266 | D:3      | Noticed Robin
  1271 | D:3      | Reached skill level 4 in Axes
  1284 | D:3      | Killed Robin
  1336 | D:3      | Found a hide-covered altar of Uskayaw.
  1399 | D:3      | 1399 ||| Stepping ~*~*~tactically~*~*~ (stealth).
  1486 | D:3      | 1486 ||| Stepping ~*~*~tactically~*~*~ (hiding).
  1488 | D:3      | 1488 ||| Stepping ~*~*~tactically~*~*~ (hiding).
  1536 | D:3      | 1536 ||| DROPPING +0 club.
  1591 | D:3      | Found an iron altar of Okawaru.
  1592 | D:3      | 1592 ||| PLANNING OKAWARU WORSHIP
  1592 | D:3      | 1592 ||| UPGRADING to +0 helmet.
  1597 | D:3      | 1597 ||| READING 2 scrolls of identify.
  1597 | D:3      | 1597 ||| IDENTIFYING metallic coppery potion
  1606 | D:3      | Became a worshipper of Warmaster Okawaru
  1606 | D:3      | 1606 ||| PLANNING D:1-11
  1619 | D:3      | Found a runed translucent gate.
  1620 | D:3      | Found a runed translucent gate.
  1621 | D:3      | Found a runed translucent gate.
  1622 | D:3      | Noticed qw's ghost (amateur NaHu)
  1745 | D:3      | 1745 ||| READING scroll labelled WAOBLU KEUS.
  1865 | D:3      | Reached XP level 5. HP: 32/32 MP: 5/5
  1868 | D:3      | 1868 ||| READING scroll of enchant weapon.
  1868 | D:3      | 1868 ||| ENCHANTING +1 war axe.
  2028 | D:3      | 2028 ||| UPGRADING to ring of protection from cold.
  2029 | D:3      | 2029 ||| DRINKING 2 fizzy golden potions.
  2088 | D:4      | 2088 ||| PLANNING SEWER
  2312 | D:4      | 2312 ||| READING scroll of enchant weapon.
  2312 | D:4      | 2312 ||| ENCHANTING +2 war axe.
  2351 | D:4      | Identified the +6 spear of the Warrior {protect, Int+7
                  | SInv}
  2402 | D:4      | Found a glowing drain.
  2403 | D:4      | 2403 ||| READING scroll labelled RIEXZI NYN DAI.
  2404 | D:4      | 2404 ||| READING 2 scrolls of identify.
  2404 | D:4      | 2404 ||| IDENTIFYING amethyst potion
  2413 | Sewer    | Entered a sewer
  2433 | Sewer    | 2433 ||| Stepping ~*~*~tactically~*~*~ (stealth).
  2434 | Sewer    | 2434 ||| Stepping ~*~*~tactically~*~*~ (stealth).
  2436 | Sewer    | 2436 ||| Stepping ~*~*~tactically~*~*~ (stealth).
  2543 | Sewer    | Noticed a kobold brigand
  2551 | Sewer    | Killed a kobold brigand
  2552 | Sewer    | Reached skill level 5 in Axes
  2552 | Sewer    | Reached XP level 6. HP: 33/37 MP: 6/6
  2666 | Sewer    | 2666 ||| Stepping ~*~*~tactically~*~*~ (stealth).
  2668 | Sewer    | 2668 ||| Stepping ~*~*~tactically~*~*~ (stealth).
  2727 | Sewer    | Reached skill level 1 in Dodging
  2797 | Sewer    | 2797 ||| Stepping ~*~*~tactically~*~*~ (stealth).
  2835 | Sewer    | Reached skill level 6 in Axes
  2835 | Sewer    | Reached XP level 7. HP: 30/43 MP: 7/7
  3000 | Sewer    | 3000 ||| READING scroll labelled ATERIK ETATS.
  3001 | Sewer    | 3001 ||| DRINKING 2 sedimented golden potions.
  3035 | D:4      | 3035 ||| PLANNING D:1-11
  3121 | D:4      | 3121 ||| DROPPING +0 whip.
  3207 | D:4      | 3207 ||| Stepping ~*~*~tactically~*~*~ (stealth).
  3209 | D:4      | Found a bloodstained altar of Trog.
  3435 | D:4      | Found a shimmering altar of Xom.
  3435 | D:4      | Found a sacrificial altar of Ru.
  3435 | D:4      | Found a glowing golden altar of the Shining One.
  3673 | D:4      | 3673 ||| READING 2 scrolls of identify.
  3673 | D:4      | 3673 ||| IDENTIFYING bubbling pink potion
  3674 | D:4      | 3674 ||| DROPPING potion of degeneration.
  3735 | D:5      | Entered Level 5 of the Dungeon
  3738 | D:5      | 3738 ||| Stepping ~*~*~tactically~*~*~ (stealth).
  3740 | D:5      | Reached * piety under Okawaru
  3748 | D:5      | 3748 ||| Stepping ~*~*~tactically~*~*~ (hiding).
  3749 | D:5      | 3749 ||| Stepping ~*~*~tactically~*~*~ (hiding).
  3750 | D:5      | 3750 ||| Stepping ~*~*~tactically~*~*~ (hiding).
  3752 | D:5      | 3752 ||| INVOKING Heroism.
  3755 | D:5      | Reached skill level 1 in Invocations
  3763 | D:5      | 3763 ||| Stepping ~*~*~tactically~*~*~ (stealth).
  3786 | D:5      | 3786 ||| Stepping ~*~*~tactically~*~*~ (stealth).
  3788 | D:5      | 3788 ||| INVOKING Heroism.
  3791 | D:5      | Reached skill level 7 in Axes
  3809 | D:5      | 3809 ||| Stepping ~*~*~tactically~*~*~ (stealth).
  3811 | D:5      | Found a staircase to the Ecumenical Temple.
  3815 | D:5      | 3815 ||| INVOKING Heroism.
  4005 | D:5      | Reached XP level 8. HP: 49/49 MP: 9/9
  4165 | D:5      | 4165 ||| Stepping ~*~*~tactically~*~*~ (hiding).
  4167 | D:5      | 4167 ||| Stepping ~*~*~tactically~*~*~ (hiding).
  4179 | D:5      | Reached skill level 3 in Invocations
  4207 | D:5      | 4207 ||| Stepping ~*~*~tactically~*~*~ (stealth).
  4270 | D:5      | 4270 ||| READING scroll of enchant weapon.
  4270 | D:5      | 4270 ||| ENCHANTING +3 war axe.
  4289 | D:5      | 4289 ||| Stepping ~*~*~tactically~*~*~ (stealth).
  4659 | D:5      | 4659 ||| UPGRADING to +0 chain mail.
  4669 | D:5      | 4669 ||| DROPPING +0 scale mail.
  4670 | D:5      | 4670 ||| READING 2 scrolls of identify.
  4670 | D:5      | 4670 ||| IDENTIFYING white potion
  4675 | D:6      | 4675 ||| PLANNING OSSUARY
  4751 | D:6      | 4751 ||| INVOKING Heroism.
  4762 | D:6      | Reached skill level 8 in Axes
  4867 | D:6      | 4867 ||| Stepping ~*~*~tactically~*~*~ (hiding).
  4868 | D:6      | 4868 ||| Stepping ~*~*~tactically~*~*~ (hiding).
  5035 | D:6      | 5035 ||| Stepping ~*~*~tactically~*~*~ (hiding).
  5036 | D:6      | 5036 ||| Stepping ~*~*~tactically~*~*~ (hiding).
  5042 | D:6      | Reached skill level 1 in Throwing
  5092 | D:6      | 5092 ||| INVOKING Heroism.
  5103 | D:6      | Reached skill level 6 in Fighting
  5103 | D:6      | Reached XP level 9. HP: 27/55 MP: 10/12
  5103 | D:6      | Reached ** piety under Okawaru
  5326 | D:6      | 5326 ||| RIP OSSUARY
  5336 | D:6      | 5336 ||| PLANNING D:1-11
  5674 | D:6      | 5674 ||| UPGRADING to +0 plate armour.
  5684 | D:6      | 5684 ||| DROPPING +0 chain mail.
  5685 | D:6      | 5685 ||| UPGRADING to ring of protection from cold.
  5722 | D:7      | 5722 ||| Stepping ~*~*~tactically~*~*~ (stealth).
  5725 | D:7      | 5725 ||| Stepping ~*~*~tactically~*~*~ (hiding).
  5729 | D:7      | 5729 ||| INVOKING Heroism.
  5740 | D:7      | 5740 ||| Stepping ~*~*~tactically~*~*~ (stealth).
  5787 | D:7      | Noticed a troll
  5788 | D:7      | 5788 ||| INVOKING Heroism.
  5796 | D:7      | Killed a troll
  5839 | D:7      | 5839 ||| Stepping ~*~*~tactically~*~*~ (hiding).
  5846 | D:7      | 5846 ||| Stepping ~*~*~tactically~*~*~ (hiding).
  5970 | D:7      | 5970 ||| INVOKING Heroism.
  6108 | D:7      | 6108 ||| Stepping ~*~*~tactically~*~*~ (stealth).
  6114 | D:7      | 6114 ||| Stepping ~*~*~tactically~*~*~ (stealth).
  6135 | D:7      | Reached skill level 9 in Axes
  6325 | D:7      | 6325 ||| Stepping ~*~*~tactically~*~*~ (hiding).
  6351 | D:7      | 6351 ||| Stepping ~*~*~tactically~*~*~ (hiding).
  6352 | D:7      | 6352 ||| Stepping ~*~*~tactically~*~*~ (hiding).
  6835 | D:7      | 6835 ||| READING scroll labelled OWYXZI JOUCUG.
  6931 | D:8      | Reached skill level 3 in Throwing
  6943 | D:8      | 6943 ||| Stepping ~*~*~tactically~*~*~ (hiding).
  6944 | D:8      | 6944 ||| Stepping ~*~*~tactically~*~*~ (stealth).
  6945 | D:8      | 6945 ||| Stepping ~*~*~tactically~*~*~ (stealth).
  6957 | D:8      | 6957 ||| Stepping ~*~*~tactically~*~*~ (stealth).
  6965 | D:8      | 6965 ||| Stepping ~*~*~tactically~*~*~ (hiding).
  7075 | D:8      | Found a stormy altar of Qazlal.
  7075 | D:8      | Noticed a two-headed ogre
  7077 | D:8      | 7077 ||| INVOKING Heroism.
  7080 | D:8      | Noticed a two-headed ogre
  7081 | D:8      | Killed a two-headed ogre
  7081 | D:8      | Reached *** piety under Okawaru
  7082 | D:8      | Reached XP level 10. HP: 63/63 MP: 10/13
  7092 | D:8      | Killed a two-headed ogre
  7103 | D:8      | 7103 ||| Stepping ~*~*~tactically~*~*~ (stealth).
  7104 | D:8      | 7104 ||| Stepping ~*~*~tactically~*~*~ (stealth).
  7107 | D:8      | 7107 ||| FLEEEEING.
  7108 | D:8      | 7108 ||| FLEEEEING.
  7109 | D:8      | 7109 ||| FLEEEEING.
  7110 | D:8      | 7110 ||| FLEEEEING.
  7111 | D:8      | 7111 ||| FLEEEEING.
  7112 | D:8      | 7112 ||| FLEEEEING.
  7113 | D:8      | 7113 ||| FLEEEEING.
  7114 | D:8      | 7114 ||| FLEEEEING.
  7115 | D:8      | 7115 ||| FLEEEEING.
  7116 | D:8      | 7116 ||| FLEEEEING.
  7117 | D:8      | 7117 ||| FLEEEEING.
  7118 | D:8      | 7118 ||| FLEEEEING.
  7119 | D:8      | 7119 ||| FLEEEEING.
  7120 | D:8      | 7120 ||| FLEEEEING.
  7121 | D:8      | 7121 ||| FLEEEEING.
  7122 | D:8      | 7122 ||| FLEEEEING.
  7123 | D:8      | 7123 ||| FLEEEEING.
  7124 | D:8      | 7124 ||| FLEEEEING.
  7125 | D:8      | 7125 ||| STAIRDANCE
  7192 | D:8      | 7192 ||| INVOKING Heroism.
  7209 | D:8      | 7209 ||| STAIRDANCE
  7284 | D:8      | Reached skill level 10 in Axes
  7301 | D:8      | 7301 ||| INVOKING Heroism.
  7302 | D:8      | Found a staircase to the Lair.
  7305 | D:8      | 7305 ||| Stepping ~*~*~tactically~*~*~ (water).
  7326 | D:8      | 7326 ||| FLEEEEING.
  7327 | D:8      | 7327 ||| FLEEEEING.
  7328 | D:8      | 7328 ||| FLEEEEING.
  7329 | D:8      | 7329 ||| FLEEEEING.
  7329 | D:8      | HP: 15/64 [electric eel/bolt of electricity (4)]
  7330 | D:8      | 7330 ||| FLEEEEING.
  7337 | D:8      | 7337 ||| STAIRDANCE
  7497 | D:8      | 7497 ||| INVOKING Heroism.
  7514 | D:8      | 7514 ||| INVOKING Heroism.
  7683 | D:8      | Identified the +8 spear of Balance {holy, Contam Str+4
                  | Int+3}
  7700 | D:8      | 7700 ||| Stepping ~*~*~tactically~*~*~ (hiding).
  7701 | D:8      | 7701 ||| Stepping ~*~*~tactically~*~*~ (hiding).
  7704 | D:8      | 7704 ||| Stepping ~*~*~tactically~*~*~ (hiding).
  7713 | D:8      | 7713 ||| Stepping ~*~*~tactically~*~*~ (stealth).
  7726 | D:8      | 7726 ||| INVOKING Heroism.
  7823 | D:8      | 7823 ||| INVOKING Heroism.
  7994 | D:8      | 7994 ||| PLANNING LAIR
  7994 | D:8      | 7994 ||| READING scroll labelled BOOSAH LULOH.
  7994 | D:8      | Identified a scroll of acquirement
  7994 | D:8      | 7994 ||| ACQUIRING +2 pair of gloves of Gallantry {Str+5
                  | Dex-5}
  7994 | D:8      | Acquired the +2 pair of gloves of Gallantry {Str+5 Dex-5}
  7996 | D:8      | 7996 ||| UPGRADING to +2 pair of gloves of Gallantry {Str+5
                  | Dex-5}.
  8001 | D:8      | 8001 ||| READING 2 scrolls of identify.
  8001 | D:8      | 8001 ||| IDENTIFYING pink potion
  8034 | Lair:1   | Entered Level 1 of the Lair of Beasts
  8036 | Lair:1   | 8036 ||| STAIRDANCE
  8102 | Lair:1   | 8102 ||| STAIRDANCE
  8115 | D:8      | 8115 ||| INVOKING Heroism.
  8223 | Lair:1   | Noticed Amaemon
  8223 | Lair:1   | Noticed an orange demon
  8224 | Lair:1   | 8224 ||| Stepping ~*~*~tactically~*~*~ (hiding).
  8228 | Lair:1   | 8228 ||| INVOKING Heroism.
  8239 | Lair:1   | Killed Amaemon
  8250 | Lair:1   | Reached XP level 11. HP: 33/68 MP: 14/14
  8255 | Lair:1   | Reached skill level 11 in Axes
  8362 | Lair:1   | 8362 ||| FLEEEEING.
  8394 | Lair:1   | 8394 ||| Stepping ~*~*~tactically~*~*~ (hiding).
  8508 | Lair:1   | Noticed Prince Ribbit
  8511 | Lair:1   | 8511 ||| INVOKING Heroism.
  8518 | Lair:1   | Killed Prince Ribbit
  8518 | Lair:1   | Received a gift from Okawaru
  8527 | Lair:1   | Reached **** piety under Okawaru
  8543 | Lair:1   | Reached skill level 9 in Fighting
  8757 | Lair:1   | 8757 ||| INVOKING Heroism.
  9007 | Lair:1   | 9007 ||| INVOKING Heroism.
  9385 | Lair:2   | 9385 ||| INVOKING Heroism.
  9512 | Lair:2   | Reached skill level 6 in Invocations
  9540 | Lair:2   | Received a gift from Okawaru
  9543 | Lair:2   | 9543 ||| INVOKING Heroism.
  9662 | Lair:2   | 9662 ||| INVOKING Heroism.
  9859 | Lair:2   | 9859 ||| INVOKING Heroism.
  9868 | Lair:2   | Reached skill level 12 in Axes
  9918 | Lair:2   | 9918 ||| INVOKING Heroism.
  9930 | Lair:2   | Reached XP level 12. HP: 62/76 MP: 15/17
 10055 | Lair:2   | 10055 ||| INVOKING Heroism.
 10099 | Lair:2   | 10099 ||| INVOKING Heroism.
 10113 | Lair:2   | Reached skill level 6 in Shields
 10332 | Lair:2   | Reached ***** piety under Okawaru
 10522 | Lair:3   | 10522 ||| FLEEEEING.
 10523 | Lair:3   | 10523 ||| STAIRDANCE
 10627 | Lair:3   | 10627 ||| STAIRDANCE
 10661 | Lair:3   | 10661 ||| STAIRDANCE
 10663 | Lair:2   | 10663 ||| INVOKING Heroism.
 10689 | Lair:2   | 10689 ||| INVOKING Heroism.
 10826 | Lair:3   | 10826 ||| STAIRDANCE
 10828 | Lair:2   | 10828 ||| INVOKING Heroism.
 10832 | Lair:2   | Reached skill level 9 in Invocations
 10913 | Lair:3   | 10913 ||| STAIRDANCE
 10915 | Lair:2   | 10915 ||| INVOKING Heroism.
 11058 | Lair:3   | 11058 ||| STAIRDANCE
 11061 | Lair:2   | 11061 ||| INVOKING Heroism.
 11144 | Lair:3   | 11144 ||| INVOKING Heroism.
 11521 | Lair:3   | Found a hole to the Spider Nest.
 11781 | Lair:3   | Found a staircase to the Shoals.
 12048 | Lair:3   | 12048 ||| READING scroll labelled BULADD DEAWKY.
 12049 | Lair:3   | 12049 ||| READING scroll labelled PIECOK YTHIRPH.
 12050 | Lair:3   | 12050 ||| READING 2 scrolls of identify.
 12050 | Lair:3   | 12050 ||| IDENTIFYING clear potion
 12051 | Lair:3   | 12051 ||| DROPPING potion of invisibility.
 12129 | Lair:4   | 12129 ||| Stepping ~*~*~tactically~*~*~ (stealth).
 12267 | Lair:4   | 12267 ||| Stepping ~*~*~tactically~*~*~ (stealth).
 12267 | Lair:4   | Noticed qw's ghost (journeyman GrFi)
 12270 | Lair:4   | 12270 ||| INVOKING Heroism.
 12443 | Lair:4   | 12443 ||| Stepping ~*~*~tactically~*~*~ (stealth).
 12445 | Lair:4   | 12445 ||| Stepping ~*~*~tactically~*~*~ (stealth).
 12460 | Lair:4   | 12460 ||| INVOKING Heroism.
 12461 | Lair:4   | Received a gift from Okawaru
 12464 | Lair:4   | Reached skill level 13 in Axes
 12524 | Lair:4   | Noticed a six-headed hydra
 12525 | Lair:4   | 12525 ||| FLEEEEING.
 12576 | Lair:4   | 12576 ||| INVOKING Heroism.
 12577 | Lair:4   | 12577 ||| INVOKING Finesse.
 12581 | Lair:4   | 12581 ||| SWAPPING to +1 demon whip of venom.
 12588 | Lair:4   | Killed a six-headed hydra
 12589 | Lair:4   | Reached XP level 13. HP: 59/82 MP: 13/20
 12589 | Lair:4   | 12589 ||| SWAPPING to +4 war axe.
 12611 | Lair:4   | 12611 ||| Stepping ~*~*~tactically~*~*~ (stealth).
 12619 | Lair:4   | Reached skill level 9 in Armour
 12848 | Lair:4   | Received a gift from Okawaru
 13048 | Lair:4   | Found a runed translucent door.
 13110 | Lair:4   | 13110 ||| Stepping ~*~*~tactically~*~*~ (stealth).
 13113 | Lair:4   | Received a gift from Okawaru
 13115 | Lair:4   | 13115 ||| SWAPPING to +2 broad axe of electrocution.
 13116 | Lair:4   | 13116 ||| DROPPING +4 war axe.
 13125 | Lair:4   | Identified the +5 spear of Roschoa {antimagic, Int+3}
 13479 | Lair:4   | 13479 ||| UPGRADING to +0 cloak.
 13500 | Lair:5   | Entered Level 5 of the Lair of Beasts
 13501 | Lair:5   | 13501 ||| PLANNING GAUNTLET
 13502 | Lair:5   | 13502 ||| INVOKING Heroism.
 13504 | Lair:5   | 13504 ||| INVOKING Finesse.
 13560 | Lair:5   | 13560 ||| Stepping ~*~*~tactically~*~*~ (stealth).
 13566 | Lair:5   | 13566 ||| Stepping ~*~*~tactically~*~*~ (stealth).
 13568 | Lair:5   | 13568 ||| Stepping ~*~*~tactically~*~*~ (stealth).
 13582 | Lair:5   | Found a gate leading to a gauntlet.
 13587 | Lair:5   | 13587 ||| INVOKING Heroism.
 13588 | Lair:5   | 13588 ||| INVOKING Finesse.
 13616 | Lair:5   | Reached skill level 14 in Axes
 13617 | Gauntlet | Entered a Gauntlet
 13617 | Gauntlet | Found a transporter.
 13617 | Gauntlet | Found a transporter.
 13644 | Gauntlet | Found a transporter.
 13647 | Gauntlet | Found a transporter.
 13647 | Gauntlet | Found a transporter.
 13657 | Gauntlet | Found a transporter.
 13661 | Gauntlet | Found a transporter.
 13671 | Gauntlet | Found a transporter.
 13680 | Gauntlet | Found the +7 lajatang of Order {silver, rMut}
 13760 | Gauntlet | Found a transporter.
 13776 | Gauntlet | Found a transporter.
 13778 | Gauntlet | Found a transporter.
 13788 | Gauntlet | Found a transporter.
 13867 | Gauntlet | 13867 ||| UPGRADING to +2 hat of willpower.
 13877 | Gauntlet | 13877 ||| DROPPING +0 helmet.
 13878 | Gauntlet | 13878 ||| Stepping randomly (stuck).
 13879 | Gauntlet | 13879 ||| Stepping randomly (stuck).
 13880 | Gauntlet | 13880 ||| Stepping randomly (stuck).
 13881 | Gauntlet | 13881 ||| Stepping randomly (stuck).
 13882 | Gauntlet | 13882 ||| Stepping randomly (stuck).
 13883 | Gauntlet | 13883 ||| Stepping randomly (stuck).
 13884 | Gauntlet | 13884 ||| Stepping randomly (stuck).
 13885 | Gauntlet | 13885 ||| Stepping randomly (stuck).
 13886 | Gauntlet | 13886 ||| Stepping randomly (stuck).
 13887 | Gauntlet | 13887 ||| Stepping randomly (stuck).
 13888 | Gauntlet | 13888 ||| Stepping randomly (stuck).
 13889 | Gauntlet | 13889 ||| Stepping randomly (stuck).
 13890 | Gauntlet | 13890 ||| Stepping randomly (stuck).
 13891 | Gauntlet | 13891 ||| Stepping randomly (stuck).
 13892 | Gauntlet | 13892 ||| Stepping randomly (stuck).
 13893 | Gauntlet | 13893 ||| Stepping randomly (stuck).
 13894 | Gauntlet | 13894 ||| Stepping randomly (stuck).
 13895 | Gauntlet | 13895 ||| Stepping randomly (stuck).
 13896 | Gauntlet | 13896 ||| Stepping randomly (stuck).
 13897 | Gauntlet | 13897 ||| Stepping randomly (stuck).
 13898 | Gauntlet | 13898 ||| Stepping randomly (stuck).
 13899 | Gauntlet | 13899 ||| Stepping randomly (stuck).
 13900 | Gauntlet | 13900 ||| Stepping randomly (stuck).
 13901 | Gauntlet | 13901 ||| Stepping randomly (stuck).
 13902 | Gauntlet | 13902 ||| Stepping randomly (stuck).
 13903 | Gauntlet | 13903 ||| Stepping randomly (stuck).
 13904 | Gauntlet | 13904 ||| Stepping randomly (stuck).
 13905 | Gauntlet | 13905 ||| Stepping randomly (stuck).
 13906 | Gauntlet | 13906 ||| Stepping randomly (stuck).
 13907 | Gauntlet | 13907 ||| Stepping randomly (stuck).
 13908 | Gauntlet | 13908 ||| Stepping randomly (stuck).
 13909 | Gauntlet | 13909 ||| Stepping randomly (stuck).
 13910 | Gauntlet | 13910 ||| Stepping randomly (stuck).
 13911 | Gauntlet | 13911 ||| Stepping randomly (stuck).
 13912 | Gauntlet | 13912 ||| Stepping randomly (stuck).
 13913 | Gauntlet | 13913 ||| Stepping randomly (stuck).
 13914 | Gauntlet | 13914 ||| Stepping randomly (stuck).
 13915 | Gauntlet | 13915 ||| Stepping randomly (stuck).
 13916 | Gauntlet | 13916 ||| Stepping randomly (stuck).
 13917 | Gauntlet | 13917 ||| Stepping randomly (stuck).
 13918 | Gauntlet | 13918 ||| Stepping randomly (stuck).
 13919 | Gauntlet | 13919 ||| Stepping randomly (stuck).
 13920 | Gauntlet | 13920 ||| Stepping randomly (stuck).
 13921 | Gauntlet | 13921 ||| Stepping randomly (stuck).
 13922 | Gauntlet | 13922 ||| Stepping randomly (stuck).
 13923 | Gauntlet | 13923 ||| Stepping randomly (stuck).
 13924 | Gauntlet | 13924 ||| Stepping randomly (stuck).
 13925 | Gauntlet | 13925 ||| Stepping randomly (stuck).
 13926 | Gauntlet | 13926 ||| Stepping randomly (stuck).
 13927 | Gauntlet | 13927 ||| Stepping randomly (stuck).
 13928 | Gauntlet | 13928 ||| Stepping randomly (stuck).
 13929 | Gauntlet | 13929 ||| Stepping randomly (stuck).
 13930 | Gauntlet | 13930 ||| Stepping randomly (stuck).
 13931 | Gauntlet | 13931 ||| Stepping randomly (stuck).
 13932 | Gauntlet | 13932 ||| Stepping randomly (stuck).
 13933 | Gauntlet | 13933 ||| Stepping randomly (stuck).
 13934 | Gauntlet | 13934 ||| Stepping randomly (stuck).
 13935 | Gauntlet | 13935 ||| Stepping randomly (stuck).
 13936 | Gauntlet | 13936 ||| Stepping randomly (stuck).
 13937 | Gauntlet | 13937 ||| Stepping randomly (stuck).
 13938 | Gauntlet | 13938 ||| Stepping randomly (stuck).
 13939 | Gauntlet | 13939 ||| Stepping randomly (stuck).
 13940 | Gauntlet | 13940 ||| Stepping randomly (stuck).
 13941 | Gauntlet | 13941 ||| Stepping randomly (stuck).
 13942 | Gauntlet | 13942 ||| Stepping randomly (stuck).
 13943 | Gauntlet | 13943 ||| Stepping randomly (stuck).
 13944 | Gauntlet | 13944 ||| Stepping randomly (stuck).
 13945 | Gauntlet | 13945 ||| Stepping randomly (stuck).
 13946 | Gauntlet | 13946 ||| Stepping randomly (stuck).
 13947 | Gauntlet | 13947 ||| Stepping randomly (stuck).
 13948 | Gauntlet | 13948 ||| Stepping randomly (stuck).
 13949 | Gauntlet | 13949 ||| Stepping randomly (stuck).
 13950 | Gauntlet | 13950 ||| Stepping randomly (stuck).
 13951 | Gauntlet | 13951 ||| Stepping randomly (stuck).
 13952 | Gauntlet | 13952 ||| Stepping randomly (stuck).
 13953 | Gauntlet | 13953 ||| Stepping randomly (stuck).
 13954 | Gauntlet | 13954 ||| Stepping randomly (stuck).
 13955 | Gauntlet | 13955 ||| Stepping randomly (stuck).
 13956 | Gauntlet | 13956 ||| Stepping randomly (stuck).
 13957 | Gauntlet | 13957 ||| Stepping randomly (stuck).
 13958 | Gauntlet | 13958 ||| Stepping randomly (stuck).
 13959 | Gauntlet | 13959 ||| Stepping randomly (stuck).
 13960 | Gauntlet | 13960 ||| Stepping randomly (stuck).
 13961 | Gauntlet | 13961 ||| Stepping randomly (stuck).
 13962 | Gauntlet | 13962 ||| Stepping randomly (stuck).
 13963 | Gauntlet | 13963 ||| Stepping randomly (stuck).
 13964 | Gauntlet | 13964 ||| Stepping randomly (stuck).
 13965 | Gauntlet | 13965 ||| Stepping randomly (stuck).
 13966 | Gauntlet | 13966 ||| Stepping randomly (stuck).
 13967 | Gauntlet | 13967 ||| Stepping randomly (stuck).
 13968 | Gauntlet | 13968 ||| Stepping randomly (stuck).
 13969 | Gauntlet | 13969 ||| Stepping randomly (stuck).
 13970 | Gauntlet | 13970 ||| Stepping randomly (stuck).
 13971 | Gauntlet | 13971 ||| Stepping randomly (stuck).
 13972 | Gauntlet | 13972 ||| Stepping randomly (stuck).
 13973 | Gauntlet | 13973 ||| Stepping randomly (stuck).
 13974 | Gauntlet | 13974 ||| Stepping randomly (stuck).
 13975 | Gauntlet | 13975 ||| Stepping randomly (stuck).
 13976 | Gauntlet | 13976 ||| Stepping randomly (stuck).
 13977 | Gauntlet | 13977 ||| Stepping randomly (stuck).
 13978 | Gauntlet | 13978 ||| Stepping randomly (stuck).
 13979 | Gauntlet | 13979 ||| Stepping randomly (stuck).
 13980 | Gauntlet | 13980 ||| Stepping randomly (stuck).
 13981 | Gauntlet | 13981 ||| Stepping randomly (stuck).
 13982 | Gauntlet | 13982 ||| Stepping randomly (stuck).
 13983 | Gauntlet | 13983 ||| Stepping randomly (stuck).
 13984 | Gauntlet | 13984 ||| Stepping randomly (stuck).
 13985 | Gauntlet | 13985 ||| Stepping randomly (stuck).
 13986 | Gauntlet | 13986 ||| Stepping randomly (stuck).
 13987 | Gauntlet | 13987 ||| Stepping randomly (stuck).
 13988 | Gauntlet | 13988 ||| Stepping randomly (stuck).
 13989 | Gauntlet | 13989 ||| Stepping randomly (stuck).
 13990 | Gauntlet | 13990 ||| Stepping randomly (stuck).
 13991 | Gauntlet | 13991 ||| Stepping randomly (stuck).
 13992 | Gauntlet | 13992 ||| Stepping randomly (stuck).
 13993 | Gauntlet | 13993 ||| Stepping randomly (stuck).
 13994 | Gauntlet | 13994 ||| Stepping randomly (stuck).
 13995 | Gauntlet | 13995 ||| Stepping randomly (stuck).
 13996 | Gauntlet | 13996 ||| Stepping randomly (stuck).
 13997 | Gauntlet | 13997 ||| Stepping randomly (stuck).
 13998 | Gauntlet | 13998 ||| Stepping randomly (stuck).
 13999 | Gauntlet | 13999 ||| Stepping randomly (stuck).
 14000 | Gauntlet | 14000 ||| Stepping randomly (stuck).
 14001 | Gauntlet | 14001 ||| Stepping randomly (stuck).
 14002 | Gauntlet | 14002 ||| Stepping randomly (stuck).
 14003 | Gauntlet | 14003 ||| Stepping randomly (stuck).
 14004 | Gauntlet | 14004 ||| Stepping randomly (stuck).
 14005 | Gauntlet | 14005 ||| Stepping randomly (stuck).
 14006 | Gauntlet | 14006 ||| Stepping randomly (stuck).
 14007 | Gauntlet | 14007 ||| Stepping randomly (stuck).
 14008 | Gauntlet | 14008 ||| Stepping randomly (stuck).
 14009 | Gauntlet | 14009 ||| Stepping randomly (stuck).
 14010 | Gauntlet | 14010 ||| Stepping randomly (stuck).
 14011 | Gauntlet | 14011 ||| Stepping randomly (stuck).
 14012 | Gauntlet | 14012 ||| Stepping randomly (stuck).
 14013 | Gauntlet | 14013 ||| Stepping randomly (stuck).
 14014 | Gauntlet | 14014 ||| Stepping randomly (stuck).
 14015 | Gauntlet | 14015 ||| Stepping randomly (stuck).
 14016 | Gauntlet | 14016 ||| Stepping randomly (stuck).
 14017 | Gauntlet | 14017 ||| Stepping randomly (stuck).
 14018 | Gauntlet | 14018 ||| Stepping randomly (stuck).
 14019 | Gauntlet | 14019 ||| Stepping randomly (stuck).
 14020 | Gauntlet | 14020 ||| Stepping randomly (stuck).
 14021 | Gauntlet | 14021 ||| Stepping randomly (stuck).
 14022 | Gauntlet | 14022 ||| Stepping randomly (stuck).
 14023 | Gauntlet | 14023 ||| Stepping randomly (stuck).
 14024 | Gauntlet | 14024 ||| Stepping randomly (stuck).
 14025 | Gauntlet | 14025 ||| Stepping randomly (stuck).
 14026 | Gauntlet | 14026 ||| Stepping randomly (stuck).
 14027 | Gauntlet | 14027 ||| Stepping randomly (stuck).
 14028 | Gauntlet | 14028 ||| Stepping randomly (stuck).
 14029 | Gauntlet | 14029 ||| Stepping randomly (stuck).
 14030 | Gauntlet | 14030 ||| Stepping randomly (stuck).
 14031 | Gauntlet | 14031 ||| Stepping randomly (stuck).
 14032 | Gauntlet | 14032 ||| Stepping randomly (stuck).
 14033 | Gauntlet | 14033 ||| Stepping randomly (stuck).
 14034 | Gauntlet | 14034 ||| Stepping randomly (stuck).
 14035 | Gauntlet | 14035 ||| Stepping randomly (stuck).
 14036 | Gauntlet | 14036 ||| Stepping randomly (stuck).
 14037 | Gauntlet | 14037 ||| Stepping randomly (stuck).
 14038 | Gauntlet | 14038 ||| Stepping randomly (stuck).
 14039 | Gauntlet | 14039 ||| Stepping randomly (stuck).
 14040 | Gauntlet | 14040 ||| Stepping randomly (stuck).
 14041 | Gauntlet | 14041 ||| Stepping randomly (stuck).
 14042 | Gauntlet | 14042 ||| Stepping randomly (stuck).
 14043 | Gauntlet | 14043 ||| Stepping randomly (stuck).
 14044 | Gauntlet | 14044 ||| Stepping randomly (stuck).
 14045 | Gauntlet | 14045 ||| Stepping randomly (stuck).
 14046 | Gauntlet | 14046 ||| Stepping randomly (stuck).
 14047 | Gauntlet | 14047 ||| Stepping randomly (stuck).
 14048 | Gauntlet | 14048 ||| Stepping randomly (stuck).
 14049 | Gauntlet | 14049 ||| Stepping randomly (stuck).
 14050 | Gauntlet | 14050 ||| Stepping randomly (stuck).
 14051 | Gauntlet | 14051 ||| Stepping randomly (stuck).
 14052 | Gauntlet | 14052 ||| Stepping randomly (stuck).
 14053 | Gauntlet | 14053 ||| Stepping randomly (stuck).
 14054 | Gauntlet | 14054 ||| Stepping randomly (stuck).
 14055 | Gauntlet | 14055 ||| Stepping randomly (stuck).
 14056 | Gauntlet | 14056 ||| Stepping randomly (stuck).
 14057 | Gauntlet | 14057 ||| Stepping randomly (stuck).
 14058 | Gauntlet | 14058 ||| Stepping randomly (stuck).
 14059 | Gauntlet | 14059 ||| Stepping randomly (stuck).
 14060 | Gauntlet | 14060 ||| Stepping randomly (stuck).
 14061 | Gauntlet | 14061 ||| Stepping randomly (stuck).
 14062 | Gauntlet | 14062 ||| Stepping randomly (stuck).
 14080 | Gauntlet | 14080 ||| INVOKING Heroism.
 14081 | Gauntlet | 14081 ||| INVOKING Finesse.
 14179 | Gauntlet | 14179 ||| Stepping ~*~*~tactically~*~*~ (hiding).
 14180 | Gauntlet | 14180 ||| Stepping ~*~*~tactically~*~*~ (hiding).
 14182 | Gauntlet | 14182 ||| INVOKING Heroism.
 14205 | Gauntlet | HP: 13/82 [gargoyle/stone arrow (16)]
 14206 | Gauntlet | 14206 ||| DRINKING 6 potions of heal wounds.
 14329 | Gauntlet | 14329 ||| DROPPING amulet of magic regeneration.
 14337 | Gauntlet | 14337 ||| INVOKING Heroism.
 14343 | Gauntlet | Received a gift from Okawaru
 14380 | Gauntlet | Identified the ring of Xom's Entertainment {Str+3 Int+6}
 14388 | Gauntlet | 14388 ||| UPGRADING to ring of Xom's Entertainment {Str+3
                  | Int+6}.
 14424 | Gauntlet | Noticed a minotaur
 14425 | Gauntlet | 14425 ||| Stepping ~*~*~tactically~*~*~ (hiding).
 14429 | Gauntlet | 14429 ||| INVOKING Heroism.
 14434 | Gauntlet | HP: 20/83 [minotaur/+2 long sword of freezing (17)]
 14435 | Gauntlet | 14435 ||| DRINKING 5 potions of heal wounds.
 14437 | Gauntlet | Killed a minotaur
 14596 | Gauntlet | 14596 ||| UPGRADING to +6 ring of dexterity.
 14598 | Gauntlet | 14598 ||| UPGRADING to ring of protection from cold.
 14612 | Lair:5   | 14612 ||| PLANNING LAIR
 14620 | Lair:5   | 14620 ||| READING scroll of enchant weapon.
 14620 | Lair:5   | 14620 ||| ENCHANTING +2 broad axe of electrocution.
 14630 | Lair:5   | 14630 ||| INVOKING Heroism.
 14646 | Lair:5   | 14646 ||| INVOKING Heroism.
 14670 | Lair:5   | 14670 ||| SWAPPING to +1 demon whip of venom.
 14676 | Lair:5   | 14676 ||| SWAPPING to +3 broad axe of electrocution.
 14788 | Lair:5   | 14788 ||| Stepping ~*~*~tactically~*~*~ (stealth).
 14803 | Lair:5   | 14803 ||| Stepping ~*~*~tactically~*~*~ (stealth).
 14811 | Lair:5   | Reached skill level 3 in Dodging
 14967 | Lair:5   | 14967 ||| Stepping ~*~*~tactically~*~*~ (stealth).
 14969 | Lair:5   | 14969 ||| Stepping ~*~*~tactically~*~*~ (stealth).
 14983 | Lair:5   | 14983 ||| INVOKING Heroism.
 14997 | Lair:5   | Gained mutation: Your large and strong wings let you fly.
                  | [Gargoyle growth]
 14997 | Lair:5   | Reached XP level 14. HP: 77/90 MP: 21/21
 15027 | Lair:5   | 15027 ||| Stepping ~*~*~tactically~*~*~ (stealth).
 15040 | Lair:5   | 15040 ||| Stepping ~*~*~tactically~*~*~ (stealth).
 15042 | Lair:5   | 15042 ||| Stepping ~*~*~tactically~*~*~ (hiding).
 15047 | Lair:5   | 15047 ||| INVOKING Heroism.
 15075 | Lair:5   | 15075 ||| Stepping ~*~*~tactically~*~*~ (stealth).
 15170 | Lair:5   | 15170 ||| Stepping ~*~*~tactically~*~*~ (stealth).
 15185 | Lair:5   | Reached skill level 15 in Axes
 15296 | Lair:5   | 15296 ||| INVOKING Heroism.
 15297 | Lair:5   | Found a staircase to the Slime Pits.
 15316 | Lair:5   | 15316 ||| READING 4 scrolls of teleportation.
 15500 | Lair:5   | 15500 ||| INVOKING Heroism.
 15790 | Lair:5   | 15790 ||| INVOKING Heroism.
 15797 | Lair:5   | 15797 ||| SWAPPING to +1 demon whip of venom.
 15810 | Lair:5   | 15810 ||| SWAPPING to +3 broad axe of electrocution.
 15821 | Lair:5   | Reached skill level 6 in Throwing
 15825 | Lair:5   | 15825 ||| DRINKING 4 potions of curing.
 15825 | Lair:5   | 15825 ||| (to cure confusion)
 16004 | Lair:5   | 16004 ||| INVOKING Heroism.
 16492 | Lair:5   | 16492 ||| PLANNING D:1-11
 16492 | Lair:5   | 16492 ||| UPGRADING to ring of see invisible.
 16494 | Lair:5   | 16494 ||| UPGRADING to ring of Xom's Entertainment {Str+3
                  | Int+6}.
 16496 | Lair:5   | 16496 ||| UPGRADING to +6 ring of dexterity.
 16498 | Lair:5   | 16498 ||| UPGRADING to ring of see invisible.
 16500 | Lair:5   | 16500 ||| READING scroll labelled FEHEDI JARUSO.
 16653 | D:9      | 16653 ||| FLEEEEING.
 16654 | D:9      | 16654 ||| FLEEEEING.
 16655 | D:9      | 16655 ||| FLEEEEING.
 16656 | D:9      | 16656 ||| FLEEEEING.
 16657 | D:9      | 16657 ||| FLEEEEING.
 16658 | D:9      | 16658 ||| FLEEEEING.
 16659 | D:9      | 16659 ||| FLEEEEING.
 16660 | D:9      | 16660 ||| FLEEEEING.
 16661 | D:9      | 16661 ||| FLEEEEING.
 16662 | D:9      | 16662 ||| FLEEEEING.
 16663 | D:9      | 16663 ||| FLEEEEING.
 16664 | D:9      | 16664 ||| FLEEEEING.
 16665 | D:9      | 16665 ||| STAIRDANCE
 16753 | D:9      | Found Zyjeupeott's General Store.
 16767 | D:9      | 16767 ||| Stepping ~*~*~tactically~*~*~ (hiding).
 16768 | D:9      | 16768 ||| Stepping ~*~*~tactically~*~*~ (hiding).
 16797 | D:9      | 16797 ||| INVOKING Heroism.
 16802 | D:9      | 16802 ||| Stepping ~*~*~tactically~*~*~ (stealth).
 16818 | D:9      | 16818 ||| Stepping ~*~*~tactically~*~*~ (stealth).
 16893 | D:9      | 16893 ||| FLEEEEING.
 16894 | D:9      | 16894 ||| FLEEEEING.
 16901 | D:9      | 16901 ||| STAIRDANCE
 16967 | D:8      | 16967 ||| UPGRADING to ring of protection from cold.
 16969 | D:8      | 16969 ||| UPGRADING to +6 ring of dexterity.
 16981 | D:9      | 16981 ||| BUYING +0 flail of protection (93 gold).
 16981 | D:9      | Bought a +0 flail of protection for 93 gold pieces
 16981 | D:9      | 16981 ||| BUYING +0 morningstar (60 gold).
 16981 | D:9      | Bought a +0 morningstar for 60 gold pieces
 16981 | D:9      | 16981 ||| BUYING 2 scrolls of identify (60 gold).
 16981 | D:9      | Bought 2 scrolls of identify for 60 gold pieces
 16981 | D:9      | 16981 ||| BUYING potion of resistance (150 gold).
 16981 | D:9      | Bought a potion of resistance for 150 gold pieces
 16981 | D:9      | 16981 ||| BUYING scroll of identify (30 gold).
 16981 | D:9      | Bought a scroll of identify for 30 gold pieces
 16981 | D:9      | 16981 ||| DROPPING +0 flail of protection.
 16982 | D:9      | 16982 ||| DROPPING +0 flail.
 17001 | D:9      | 17001 ||| Stepping ~*~*~tactically~*~*~ (hiding).
 17042 | D:9      | 17042 ||| FLEEEEING.
 17066 | D:9      | 17066 ||| FLEEEEING.
 17067 | D:9      | 17067 ||| FLEEEEING.
 17068 | D:9      | 17068 ||| FLEEEEING.
 17069 | D:9      | 17069 ||| FLEEEEING.
 17070 | D:9      | 17070 ||| FLEEEEING.
 17071 | D:9      | 17071 ||| FLEEEEING.
 17072 | D:9      | 17072 ||| FLEEEEING.
 17073 | D:9      | 17073 ||| FLEEEEING.
 17074 | D:9      | 17074 ||| FLEEEEING.
 17075 | D:9      | 17075 ||| FLEEEEING.
 17076 | D:9      | 17076 ||| FLEEEEING.
 17077 | D:9      | 17077 ||| FLEEEEING.
 17078 | D:9      | 17078 ||| FLEEEEING.
 17079 | D:9      | 17079 ||| FLEEEEING.
 17080 | D:9      | 17080 ||| STAIRDANCE
 17137 | D:8      | 17137 ||| READING 4 scrolls of identify.
 17137 | D:8      | 17137 ||| IDENTIFYING murky sapphire potion
 17138 | D:8      | 17138 ||| READING 3 scrolls of identify.
 17138 | D:8      | 17138 ||| IDENTIFYING fuming golden potion
 17139 | D:8      | 17139 ||| READING 2 scrolls of identify.
 17139 | D:8      | 17139 ||| IDENTIFYING fuming white potion
 17140 | D:8      | 17140 ||| DROPPING potion of brilliance.
 17143 | D:9      | 17143 ||| STAIRDANCE
 17145 | D:8      | 17145 ||| INVOKING Heroism.
 17146 | D:8      | 17146 ||| SWAPPING to +1 demon whip of venom.
 17154 | D:8      | HP: 19/90 [eight-headed hydra (4)]
 17155 | D:8      | 17155 ||| READING 3 scrolls of teleportation.
 17156 | D:8      | 17156 ||| DRINKING 4 potions of heal wounds.
 17159 | D:8      | 17159 ||| SWAPPING to +3 broad axe of electrocution.
 17380 | D:9      | 17380 ||| INVOKING Heroism.
 17384 | D:9      | 17384 ||| SWAPPING to +1 demon whip of venom.
 17393 | D:9      | 17393 ||| SWAPPING to +3 broad axe of electrocution.
 17403 | D:9      | 17403 ||| READING 2 scrolls of teleportation.
 17411 | D:9      | 17411 ||| Stepping ~*~*~tactically~*~*~ (stealth).
 17414 | D:9      | 17414 ||| FLEEEEING.
 17415 | D:9      | 17415 ||| FLEEEEING.
 17416 | D:9      | 17416 ||| FLEEEEING.
 17417 | D:9      | 17417 ||| FLEEEEING.
 17418 | D:9      | 17418 ||| FLEEEEING.
 17419 | D:9      | 17419 ||| FLEEEEING.
 17420 | D:9      | 17420 ||| FLEEEEING.
 17424 | D:9      | 17424 ||| FLEEEEING.
 17425 | D:9      | 17425 ||| FLEEEEING.
 17427 | D:9      | 17427 ||| STAIRDANCE
 17596 | D:9      | 17596 ||| STAIRDANCE
 17598 | D:8      | 17598 ||| INVOKING Heroism.
 17599 | D:8      | 17599 ||| SWAPPING to +1 demon whip of venom.
 17608 | D:8      | Reached skill level 12 in Fighting
 17608 | D:8      | 17608 ||| SWAPPING to +3 broad axe of electrocution.
 17943 | D:9      | 17943 ||| INVOKING Heroism.
 17949 | D:9      | HP: 21/92 [centaur/arrow (5)]
 17950 | D:9      | 17950 ||| READING scroll of teleportation.
 17951 | D:9      | 17951 ||| DRINKING 4 potions of heal wounds.
 17954 | D:9      | HP: 21/92 [barbs]
 18012 | D:9      | 18012 ||| INVOKING Heroism.
 18168 | D:9      | Identified the +5 lajatang of Bodily Harmony {holy, rF+
                  | Int+3 Stlth+}
 18179 | D:9      | 18179 ||| Stepping ~*~*~tactically~*~*~ (hiding).
 18180 | D:9      | 18180 ||| Stepping ~*~*~tactically~*~*~ (hiding).
 18181 | D:9      | Identified the +11 spear of Ureowk {drain, Int+5}
 18182 | D:9      | 18182 ||| Stepping ~*~*~tactically~*~*~ (stealth).
 18327 | D:9      | 18327 ||| Stepping ~*~*~tactically~*~*~ (stealth).
 18603 | D:9      | 18603 ||| UPGRADING to +6 ring of strength.
 18605 | D:9      | 18605 ||| DROPPING +6 ring of intelligence.
 18606 | D:9      | 18606 ||| DROPPING ring of see invisible.
 18607 | D:9      | 18607 ||| DROPPING +6 ring of dexterity.
 18611 | D:10     | Entered Level 10 of the Dungeon
 18647 | D:10     | 18647 ||| Stepping ~*~*~tactically~*~*~ (hiding).
 18651 | D:10     | 18651 ||| Stepping ~*~*~tactically~*~*~ (hiding).
 18659 | D:10     | 18659 ||| Stepping ~*~*~tactically~*~*~ (stealth).
 18954 | D:10     | 18954 ||| Stepping ~*~*~tactically~*~*~ (stealth).
 19137 | D:10     | 19137 ||| Stepping ~*~*~tactically~*~*~ (stealth).
 19229 | D:10     | Found a snail-covered altar of Cheibriados.
 19229 | D:10     | Found a basalt altar of Yredelemnul.
 19230 | D:10     | Found a blossoming altar of Fedhas.
 19684 | D:10     | 19684 ||| INVOKING Heroism.
 19815 | D:10     | 19815 ||| DROPPING +1 pair of gloves.
 19859 | D:11     | 19859 ||| INVOKING Heroism.
 19889 | D:11     | 19889 ||| INVOKING Heroism.
 19896 | D:11     | Reached skill level 16 in Axes
 19954 | D:11     | 19954 ||| INVOKING Heroism.
 20126 | D:11     | 20126 ||| Stepping ~*~*~tactically~*~*~ (stealth).
 20128 | D:11     | 20128 ||| Stepping ~*~*~tactically~*~*~ (hiding).
 20131 | D:11     | 20131 ||| Stepping ~*~*~tactically~*~*~ (hiding).
 20170 | D:11     | 20170 ||| Stepping ~*~*~tactically~*~*~ (stealth).
 20171 | D:11     | 20171 ||| Stepping ~*~*~tactically~*~*~ (stealth).
 20191 | D:11     | Found a runed translucent door.
 20191 | D:11     | Noticed qw's ghost (journeyman GrFi)
 20501 | D:11     | Noticed Snorg
 20502 | D:11     | 20502 ||| INVOKING Heroism.
 20506 | D:11     | Killed Snorg
 20506 | D:11     | Received a gift from Okawaru
 20787 | D:11     | 20787 ||| PLANNING D
 20787 | D:11     | 20787 ||| READING scroll labelled UTOUSI IHUUJITIJ.
 20806 | D:12     | 20806 ||| Stepping ~*~*~tactically~*~*~ (stealth).
 20807 | D:12     | 20807 ||| Stepping ~*~*~tactically~*~*~ (stealth).
 20808 | D:12     | 20808 ||| Stepping ~*~*~tactically~*~*~ (stealth).
 20974 | D:12     | 20974 ||| Stepping ~*~*~tactically~*~*~ (stealth).
 20975 | D:12     | 20975 ||| Stepping ~*~*~tactically~*~*~ (stealth).
 20976 | D:12     | 20976 ||| Stepping ~*~*~tactically~*~*~ (stealth).
 20977 | D:12     | 20977 ||| Stepping ~*~*~tactically~*~*~ (stealth).
 20978 | D:12     | 20978 ||| Stepping ~*~*~tactically~*~*~ (stealth).
 20979 | D:12     | 20979 ||| Stepping ~*~*~tactically~*~*~ (stealth).
 20981 | D:12     | 20981 ||| Stepping ~*~*~tactically~*~*~ (stealth).
 21000 | D:12     | 21000 ||| INVOKING Heroism.
 21006 | D:12     | Reached XP level 15. HP: 96/96 MP: 20/22
 21019 | D:12     | 21019 ||| Stepping ~*~*~tactically~*~*~ (stealth).
 21020 | D:12     | 21020 ||| Stepping ~*~*~tactically~*~*~ (stealth).
 21022 | D:12     | 21022 ||| Stepping ~*~*~tactically~*~*~ (hiding).
 21154 | D:12     | Received a gift from Okawaru
 21298 | D:12     | Found a staircase to the Orcish Mines.
 21305 | D:12     | 21305 ||| FLEEEEING.
 21306 | D:12     | 21306 ||| FLEEEEING.
 21307 | D:12     | 21307 ||| FLEEEEING.
 21308 | D:12     | 21308 ||| FLEEEEING.
 21428 | D:12     | 21428 ||| UPGRADING to +0 kite shield of cold resistance.
 21438 | D:12     | 21438 ||| DROPPING +0 buckler.
 21439 | D:12     | 21439 ||| DROPPING ring of willpower.
 21552 | D:13     | 21552 ||| INVOKING Heroism.
 21761 | D:13     | Found a gate to the Vaults.
 21878 | D:13     | 21878 ||| INVOKING Heroism.
 21880 | D:13     | Reached skill level 9 in Shields
 22049 | D:13     | 22049 ||| FLEEEEING.
 22050 | D:13     | 22050 ||| FLEEEEING.
 22260 | D:13     | 22260 ||| INVOKING Heroism.
 22399 | D:14     | 22399 ||| STAIRDANCE
 22406 | D:13     | 22406 ||| FLEEEEING.
 22407 | D:13     | 22407 ||| FLEEEEING.
 22408 | D:13     | 22408 ||| FLEEEEING.
 22409 | D:13     | 22409 ||| FLEEEEING.
 22410 | D:13     | 22410 ||| FLEEEEING.
 22411 | D:13     | 22411 ||| FLEEEEING.
 22412 | D:13     | 22412 ||| FLEEEEING.
 22413 | D:13     | 22413 ||| FLEEEEING.
 22414 | D:13     | 22414 ||| FLEEEEING.
 22415 | D:13     | 22415 ||| FLEEEEING.
 22416 | D:13     | 22416 ||| FLEEEEING.
 22417 | D:13     | 22417 ||| FLEEEEING.
 22418 | D:13     | 22418 ||| FLEEEEING.
 22419 | D:13     | 22419 ||| FLEEEEING.
 22420 | D:13     | 22420 ||| FLEEEEING.
 22421 | D:13     | 22421 ||| STAIRDANCE
 22470 | D:13     | 22470 ||| STAIRDANCE
 22519 | D:14     | 22519 ||| INVOKING Heroism.
 22520 | D:14     | 22520 ||| SWAPPING to +1 demon whip of venom.
 22527 | D:14     | 22527 ||| SWAPPING to +3 broad axe of electrocution.
 22587 | D:14     | 22587 ||| Stepping ~*~*~tactically~*~*~ (hiding).
 22598 | D:14     | Received a gift from Okawaru
 22679 | D:14     | Noticed Nessos
 22680 | D:14     | 22680 ||| Stepping ~*~*~tactically~*~*~ (hiding).
 22681 | D:14     | 22681 ||| Stepping ~*~*~tactically~*~*~ (hiding).
 22684 | D:14     | 22684 ||| INVOKING Heroism.
 22711 | D:14     | HP: 24/96 [Nessos/arrow (1)]
 22712 | D:14     | 22712 ||| READING scroll of teleportation.
 22715 | D:14     | 22715 ||| DRINKING 3 potions of heal wounds.
 22895 | D:14     | 22895 ||| Stepping ~*~*~tactically~*~*~ (stealth).
 23211 | D:14     | 23211 ||| Stepping ~*~*~tactically~*~*~ (hiding).
 23215 | D:14     | 23215 ||| INVOKING Heroism.
 23218 | D:14     | HP: 11/96 [red ugly thing (15)]
 23219 | D:14     | 23219 ||| DRINKING 2 potions of heal wounds.
 23227 | D:14     | HP: 24/96 [Nessos/arrow (1)]
 23228 | D:14     | 23228 ||| DRINKING potion of heal wounds.
 23242 | D:14     | Killed Nessos
 23549 | D:15     | Entered Level 15 of the Dungeon
 23560 | D:15     | Reached skill level 12 in Shields
 23562 | D:15     | 23562 ||| STAIRDANCE
 23564 | D:14     | 23564 ||| INVOKING Heroism.
 23741 | D:15     | 23741 ||| STAIRDANCE
 23745 | D:14     | 23745 ||| INVOKING Heroism.
 23985 | D:15     | 23985 ||| Stepping ~*~*~tactically~*~*~ (stealth).
 23987 | D:15     | 23987 ||| Stepping ~*~*~tactically~*~*~ (hiding).
 23989 | D:15     | 23989 ||| Stepping ~*~*~tactically~*~*~ (hiding).
 23993 | D:15     | 23993 ||| INVOKING Heroism.
 24187 | D:15     | 24187 ||| Stepping ~*~*~tactically~*~*~ (stealth).
 24202 | D:15     | Received a gift from Okawaru
 24211 | D:15     | 24211 ||| Stepping ~*~*~tactically~*~*~ (stealth).
 24245 | D:15     | 24245 ||| Stepping ~*~*~tactically~*~*~ (hiding).
 24246 | D:15     | 24246 ||| Stepping ~*~*~tactically~*~*~ (hiding).
 24311 | D:15     | Found a staircase to the Depths.
 24312 | D:15     | Noticed a fire giant
 24312 | D:15     | 24312 ||| INVOKING Heroism.
 24319 | D:15     | Killed a fire giant
 24476 | D:15     | 24476 ||| INVOKING Heroism.
 24609 | D:15     | Noticed brae's ghost (adept HuBe)
 24612 | D:15     | Found a transporter.
 24613 | D:15     | Identified the +12 war axe of Echei {venom, rElec rPois
                  | Int+7 Dex-5}
 24627 | D:15     | Found a glowing golden altar of the Shining One.
 24657 | D:15     | Found a bloodstained altar of Trog.
 24664 | D:15     | Found a transporter.
 24761 | D:15     | Received a gift from Okawaru
 25033 | D:15     | 25033 ||| PLANNING ORC
 25095 | Orc:1    | Entered Level 1 of the Orcish Mines
 25191 | Orc:1    | Noticed Lepuefeh's ghost (journeyman MiBe)
 25194 | Orc:1    | Found a runed translucent gate.
 25194 | Orc:1    | Found a runed translucent gate.
 25194 | Orc:1    | Found a runed translucent gate.
 25323 | Orc:1    | Found a transporter.
 25336 | Orc:1    | Found a transporter.
 25340 | Orc:1    | Found an ornate altar of the Wu Jian Council.
 25364 | Orc:1    | 25364 ||| Stepping ~*~*~tactically~*~*~ (stealth).
 25366 | Orc:1    | 25366 ||| Stepping ~*~*~tactically~*~*~ (stealth).
 25369 | Orc:1    | 25369 ||| INVOKING Heroism.
 25372 | Orc:1    | Received a gift from Okawaru
 25478 | Orc:1    | Found a transporter.
 25632 | Orc:1    | 25632 ||| Stepping ~*~*~tactically~*~*~ (stealth).
 25634 | Orc:1    | 25634 ||| Stepping ~*~*~tactically~*~*~ (hiding).
 25641 | Orc:1    | Reached XP level 16. HP: 101/101 MP: 23/23
 25683 | Orc:1    | Found a transporter.
 25692 | Orc:1    | 25692 ||| Stepping ~*~*~tactically~*~*~ (hiding).
 25696 | Orc:1    | 25696 ||| Stepping ~*~*~tactically~*~*~ (hiding).
 25697 | Orc:1    | 25697 ||| Stepping ~*~*~tactically~*~*~ (hiding).
 25700 | Orc:1    | 25700 ||| Stepping ~*~*~tactically~*~*~ (hiding).
 25701 | Orc:1    | 25701 ||| Stepping ~*~*~tactically~*~*~ (hiding).
 25704 | Orc:1    | 25704 ||| INVOKING Heroism.
 25919 | Orc:2    | Entered Level 2 of the Orcish Mines
 25919 | Orc:2    | Found a staircase to the Elven Halls.
 25938 | Orc:2    | Found Wyihu's Assorted Antiques.
 25949 | Orc:2    | 25949 ||| BUYING glowing cloak (262 gold).
 25949 | Orc:2    | Bought a glowing cloak for 262 gold pieces
 25949 | Orc:2    | 25949 ||| BUYING pair of runed boots (262 gold).
 25949 | Orc:2    | Bought a pair of runed boots for 262 gold pieces
 25961 | Orc:2    | 25961 ||| Stepping ~*~*~tactically~*~*~ (hiding).
 25964 | Orc:2    | 25964 ||| Stepping ~*~*~tactically~*~*~ (hiding).
 25973 | Orc:2    | 25973 ||| Stepping ~*~*~tactically~*~*~ (stealth).
 26186 | Orc:2    | 26186 ||| Stepping ~*~*~tactically~*~*~ (hiding).
 26197 | Orc:2    | 26197 ||| INVOKING Heroism.
 26199 | Orc:2    | 26199 ||| Stepping ~*~*~tactically~*~*~ (hiding).
 26207 | Orc:2    | Received a gift from Okawaru
 26215 | Orc:2    | Reached skill level 17 in Axes
 26241 | Orc:2    | 26241 ||| INVOKING Heroism.
 26243 | Orc:2    | 26243 ||| Stepping ~*~*~tactically~*~*~ (stealth).
 26337 | Orc:2    | 26337 ||| FLEEEEING.
 26338 | Orc:2    | 26338 ||| FLEEEEING.
 26339 | Orc:2    | 26339 ||| FLEEEEING.
 26340 | Orc:2    | 26340 ||| FLEEEEING.
 26341 | Orc:2    | 26341 ||| FLEEEEING.
 26353 | Orc:2    | 26353 ||| Stepping ~*~*~tactically~*~*~ (stealth).
 26355 | Orc:2    | 26355 ||| Stepping ~*~*~tactically~*~*~ (stealth).
 26356 | Orc:2    | 26356 ||| Stepping ~*~*~tactically~*~*~ (stealth).
 26360 | Orc:2    | 26360 ||| Stepping ~*~*~tactically~*~*~ (stealth).
 26361 | Orc:2    | 26361 ||| Stepping ~*~*~tactically~*~*~ (hiding).
 26362 | Orc:2    | 26362 ||| Stepping ~*~*~tactically~*~*~ (hiding).
 26366 | Orc:2    | 26366 ||| INVOKING Heroism.
 26400 | Orc:2    | 26400 ||| Stepping ~*~*~tactically~*~*~ (stealth).
 26402 | Orc:2    | 26402 ||| Stepping ~*~*~tactically~*~*~ (stealth).
 26422 | Orc:2    | Found Vijieziq's Antique Armour Shop.
 26425 | Orc:2    | Found Yfucy's Distillery.
 26430 | Orc:2    | 26430 ||| INVOKING Heroism.
 26432 | Orc:2    | Found Xeod's Weapon Shoppe.
 26444 | Orc:2    | 26444 ||| BUYING potion of curing (48 gold).
 26444 | Orc:2    | Bought a potion of curing for 48 gold pieces
 26444 | Orc:2    | 26444 ||| BUYING potion of curing (48 gold).
 26444 | Orc:2    | Bought a potion of curing for 48 gold pieces
 26444 | Orc:2    | 26444 ||| BUYING potion of heal wounds (80 gold).
 26444 | Orc:2    | Bought a potion of heal wounds for 80 gold pieces
 26444 | Orc:2    | 26444 ||| BUYING potion of lignification (48 gold).
 26444 | Orc:2    | Bought a potion of lignification for 48 gold pieces
 26444 | Orc:2    | 26444 ||| BUYING potion of magic (128 gold).
 26444 | Orc:2    | Bought a potion of magic for 128 gold pieces
 26444 | Orc:2    | 26444 ||| BUYING potion of might (64 gold).
 26444 | Orc:2    | Bought a potion of might for 64 gold pieces
 26444 | Orc:2    | 26444 ||| BUYING potion of resistance (160 gold).
 26444 | Orc:2    | Bought a potion of resistance for 160 gold pieces
 26452 | Orc:2    | 26452 ||| SHOPLISTING runed plate armour (884 gold, have
                  | 413).
 26455 | Orc:2    | Found Zoedoc's Distillery.
 26459 | Orc:2    | 26459 ||| BUYING +4 morningstar of protection (375 gold).
 26459 | Orc:2    | Bought a +4 morningstar of protection for 375 gold pieces
 26459 | Orc:2    | 26459 ||| DROPPING +0 morningstar.
 26465 | Orc:2    | 26465 ||| SHOPLISTING 2 potions of magic (240 gold, have
                  | 38).
 26465 | Orc:2    | 26465 ||| SHOPLISTING potion of attraction (45 gold, have
                  | 38).
 26465 | Orc:2    | 26465 ||| SHOPLISTING potion of cancellation (120 gold,
                  | have 38).
 26465 | Orc:2    | 26465 ||| SHOPLISTING potion of haste (150 gold, have 38).
 26465 | Orc:2    | 26465 ||| SHOPLISTING potion of lignification (45 gold,
                  | have 38).
 26465 | Orc:2    | 26465 ||| SHOPLISTING potion of mutation (120 gold, have
                  | 38).
 26621 | Orc:2    | 26621 ||| Stepping ~*~*~tactically~*~*~ (stealth).
 26626 | Orc:2    | 26626 ||| INVOKING Heroism.
 26651 | Orc:2    | 26651 ||| Stepping ~*~*~tactically~*~*~ (stealth).
 26656 | Orc:2    | 26656 ||| Stepping ~*~*~tactically~*~*~ (stealth).
 26657 | Orc:2    | 26657 ||| Stepping ~*~*~tactically~*~*~ (stealth).
 26658 | Orc:2    | 26658 ||| Stepping ~*~*~tactically~*~*~ (stealth).
 26661 | Orc:2    | 26661 ||| Stepping ~*~*~tactically~*~*~ (hiding).
 26663 | Orc:2    | 26663 ||| Stepping ~*~*~tactically~*~*~ (hiding).
 26665 | Orc:2    | 26665 ||| Stepping ~*~*~tactically~*~*~ (hiding).
 26697 | Orc:2    | 26697 ||| Stepping ~*~*~tactically~*~*~ (stealth).
 26733 | Orc:2    | 26733 ||| Stepping ~*~*~tactically~*~*~ (hiding).
 26989 | Orc:2    | 26989 ||| PLANNING SPIDER:1-3
 26989 | Orc:2    | 26989 ||| UPGRADING to +1 plate armour of fire resistance.
 26999 | Orc:2    | 26999 ||| DROPPING +0 cloak of preservation.
 27000 | Orc:2    | 27000 ||| DROPPING +0 plate armour.
 27001 | Orc:2    | 27001 ||| UPGRADING to +1 pair of boots.
 27193 | Spider:1 | Entered Level 1 of the Spider Nest
 27198 | Spider:1 | 27198 ||| INVOKING Finesse.
 27207 | Spider:1 | 27207 ||| Stepping ~*~*~tactically~*~*~ (hiding).
 27208 | Spider:1 | 27208 ||| Stepping ~*~*~tactically~*~*~ (hiding).
 27220 | Spider:1 | Received a gift from Okawaru
 27491 | Spider:1 | 27491 ||| Stepping ~*~*~tactically~*~*~ (stealth).
 27495 | Spider:1 | 27495 ||| INVOKING Finesse.
 27589 | Spider:1 | 27589 ||| INVOKING Heroism.
 27603 | Spider:1 | Reached skill level 12 in Armour
 27710 | Spider:1 | 27710 ||| Stepping ~*~*~tactically~*~*~ (stealth).
 27712 | Spider:1 | 27712 ||| FLEEEEING.
 27713 | Spider:1 | 27713 ||| FLEEEEING.
 27715 | Spider:1 | 27715 ||| FLEEEEING.
 27717 | Spider:1 | 27717 ||| INVOKING Finesse.
 28023 | Spider:1 | Received a gift from Okawaru
 28294 | Spider:1 | 28294 ||| Stepping ~*~*~tactically~*~*~ (hiding).
 28297 | Spider:1 | 28297 ||| INVOKING Finesse.
 28304 | Spider:1 | 28304 ||| Stepping ~*~*~tactically~*~*~ (stealth).
 28351 | Spider:1 | You are sucked into a shaft and drop 1 floor!
 28357 | Spider:2 | 28357 ||| Stepping ~*~*~tactically~*~*~ (stealth).
 28419 | Spider:2 | 28419 ||| Stepping ~*~*~tactically~*~*~ (stealth).
 28423 | Spider:2 | 28423 ||| Stepping ~*~*~tactically~*~*~ (stealth).
 28425 | Spider:2 | 28425 ||| Stepping ~*~*~tactically~*~*~ (stealth).
 28430 | Spider:2 | 28430 ||| Stepping ~*~*~tactically~*~*~ (stealth).
 28431 | Spider:2 | 28431 ||| Stepping ~*~*~tactically~*~*~ (stealth).
 28432 | Spider:2 | 28432 ||| INVOKING Heroism.
 28438 | Spider:2 | 28438 ||| Stepping ~*~*~tactically~*~*~ (hiding).
 28618 | Spider:1 | Received a gift from Okawaru
 29025 | Spider:2 | Noticed Aizul
 29026 | Spider:2 | 29026 ||| Stepping ~*~*~tactically~*~*~ (hiding).
 29027 | Spider:2 | 29027 ||| Stepping ~*~*~tactically~*~*~ (hiding).
 29030 | Spider:2 | 29030 ||| INVOKING Heroism.
 29042 | Spider:2 | Killed Aizul
 29095 | Spider:2 | Noticed Agnes
 29097 | Spider:2 | 29097 ||| INVOKING Heroism.
 29101 | Spider:2 | 29101 ||| DRINKING 8 potions of curing.
 29101 | Spider:2 | 29101 ||| (to cure confusion)
 29103 | Spider:2 | Reached skill level 18 in Axes
 29105 | Spider:2 | Killed Agnes
 29216 | Spider:2 | 29216 ||| Stepping ~*~*~tactically~*~*~ (stealth).
 29217 | Spider:2 | 29217 ||| Stepping ~*~*~tactically~*~*~ (stealth).
 29270 | Spider:2 | 29270 ||| READING scroll of enchant armour.
 29270 | Spider:2 | 29270 ||| ENCHANTING +1 plate armour of fire resistance.
 29284 | Spider:2 | 29284 ||| Stepping ~*~*~tactically~*~*~ (hiding).
 29286 | Spider:2 | 29286 ||| INVOKING Heroism.
 29298 | Spider:2 | 29298 ||| INVOKING Heroism.
 29307 | Spider:2 | 29307 ||| FLEEEEING.
 29308 | Spider:2 | 29308 ||| FLEEEEING.
 29345 | Spider:2 | 29345 ||| Stepping ~*~*~tactically~*~*~ (stealth).
 29346 | Spider:2 | 29346 ||| Stepping ~*~*~tactically~*~*~ (stealth).
 29352 | Spider:2 | 29352 ||| DRINKING 7 potions of curing.
 29352 | Spider:2 | 29352 ||| (to cure confusion)
 29492 | Spider:2 | 29492 ||| Stepping ~*~*~tactically~*~*~ (stealth).
 29495 | Spider:2 | 29495 ||| Stepping ~*~*~tactically~*~*~ (stealth).
 29496 | Spider:2 | 29496 ||| Stepping ~*~*~tactically~*~*~ (stealth).
 29528 | Spider:2 | 29528 ||| Stepping ~*~*~tactically~*~*~ (hiding).
 29544 | Spider:2 | Reached XP level 17. HP: 93/109 MP: 24/24
 29653 | Spider:2 | 29653 ||| Stepping ~*~*~tactically~*~*~ (hiding).
 29654 | Spider:2 | 29654 ||| Stepping ~*~*~tactically~*~*~ (stealth).
 29658 | Spider:2 | 29658 ||| Stepping ~*~*~tactically~*~*~ (hiding).
 29680 | Spider:2 | 29680 ||| Stepping ~*~*~tactically~*~*~ (stealth).
 29872 | Spider:2 | Received a gift from Okawaru
 29992 | Spider:2 | 29992 ||| INVOKING Heroism.
 30408 | Spider:3 | 30408 ||| Stepping ~*~*~tactically~*~*~ (stealth).
 30410 | Spider:3 | 30410 ||| Stepping ~*~*~tactically~*~*~ (stealth).
 30414 | Spider:3 | 30414 ||| INVOKING Heroism.
 30444 | Spider:3 | 30444 ||| FLEEEEING.
 30445 | Spider:3 | 30445 ||| FLEEEEING.
 30446 | Spider:3 | 30446 ||| FLEEEEING.
 30447 | Spider:3 | 30447 ||| FLEEEEING.
 30448 | Spider:3 | 30448 ||| FLEEEEING.
 30449 | Spider:3 | 30449 ||| FLEEEEING.
 30450 | Spider:3 | 30450 ||| FLEEEEING.
 30451 | Spider:3 | 30451 ||| FLEEEEING.
 30452 | Spider:3 | 30452 ||| FLEEEEING.
 30453 | Spider:3 | 30453 ||| FLEEEEING.
 30454 | Spider:3 | 30454 ||| FLEEEEING.
 30455 | Spider:3 | 30455 ||| FLEEEEING.
 30456 | Spider:3 | 30456 ||| FLEEEEING.
 30457 | Spider:3 | 30457 ||| STAIRDANCE
 30597 | Spider:2 | 30597 ||| READING scroll labelled HAYNOAC TEST.
 30598 | Spider:2 | 30598 ||| DROPPING +1 demon whip of venom.
 30599 | Spider:2 | 30599 ||| DROPPING +4 morningstar of protection.
 30665 | Spider:3 | 30665 ||| Stepping ~*~*~tactically~*~*~ (stealth).
 30666 | Spider:3 | 30666 ||| Stepping ~*~*~tactically~*~*~ (stealth).
 30667 | Spider:3 | 30667 ||| INVOKING Heroism.
 30673 | Spider:3 | Received a gift from Okawaru
 30721 | Spider:3 | 30721 ||| Stepping ~*~*~tactically~*~*~ (stealth).
 30725 | Spider:3 | 30725 ||| Stepping ~*~*~tactically~*~*~ (stealth).
 30727 | Spider:3 | 30727 ||| INVOKING Heroism.
 30740 | Spider:3 | HP: 11/111 [sun moth (28)]
 30741 | Spider:3 | 30741 ||| READING scroll of teleportation.
 30742 | Spider:3 | 30742 ||| DRINKING potion of heal wounds.
 30743 | Spider:3 | Slain by a sun moth

Levels and vault maps discovered:
D:1:      mainiacjoe_arrival_reflecting_pool, layout_loops_cross, st_stairs_13
D:2:      layout_rooms, basic_altar
D:3:      layout_rooms, mainiacjoe_overflow_alcove_4,
          mainiacjoe_overflow_small_starburst, gammafunk_ghost_necromancy,
          grunt_ministairs_8, minmay_puff, uniq_robin
D:4:      layout_loops_corners, lemuel_tele_altar,
          gammafunk_temple_overflow_claw, portal_sewer_entry_d
D:5:      layout_loops_ring, minmay_temple_entry_proselytizer
D:6:      layout_basic, nicolae_ossuary_entry_plus
D:7:      layout_gridville, palyth_stone_intersect
D:8:      layout_rooms, nicolae_overflow_crystal_walls, erik_lair_island,
          enter_bailey_2
D:9:      minmay_the_grid_octo_triangle [minmay_the_grid_octo_checkerflower,
          minmay_the_grid_octo_prize_star, minmay_the_grid_octo_77],
          layout_rooms, serial_shops, shop, minmay_misc_feat_secret_circle
D:10:     layout_stronghold, chequers_temple_overflow_statue_of_worship
D:11:     layout_irregular_city, gammafunk_ghost_grave, uniq_snorg
D:12:     layout_cave_pools, david_orc_3
D:13:     layout_long_grid, david_vaults_1
D:14:     layout_roguey, minivault_25, uniq_nessos
D:15:     grunt_enter_depths_giant_problem, layout_basic,
          gammafunk_ghost_wrathful_warriors, serial_corexii_hall,
          corexii_hall_statues_i, corexii_hall_statues_s, tso_oasis_becter
Lair:1:   layout_roguey, serial_bayou_pond_c, ldierk_geyser,
          infiniplex_staircase_pool, lemuel_fruit_tree, uniq_prince_ribbit2,
          uniq_amaemon
Lair:2:   layout_long_grid, serial_bayou_shore_b
Lair:3:   layout_chaotic_city, elwin_shoals_entry_rocks, spider_nest_entry_a,
          nicolae_volcano_entry_s_turn
Lair:4:   layout_regular_city, gammafunk_ghost_grave,
          infiniplex_staircase_pool_2, grunt_megastairs_5, lemuel_fruit_fields
Lair:5:   wormcave, layout_regular_city, minmay_slime_entry_oklob_open,
          gauntlet_entry_generic, disabler_island, grunt_megastairs_1
Spider:1: layout_cave_pods
Spider:2: layout_spider_delve, nicolae_spider_jagged_tunnels, uniq_aizul,
          uniq_agnes
Spider:3: layout_spider_delve, nicolae_spider_orb_run
Orc:1:    dreamdust_wu_jian_sword_trials, layout_caves, gammafunk_ghost_split
Orc:2:    st_orc_open, layout_diamond_mine, basic_altar, serial_shops, shop,
          minmay_orc_temple_b

Skill      XL: |  1  2  3  4  5  6  7  8  9 10 11 12 13 14 15 16 17 |
---------------+----------------------------------------------------+-----
Axes           | 2 3 4 5 6 7 8 9 10 12 13 14 16 18 | 18.0
Fighting       | 4 5 6 7 8 9 10 11 12 13 14 | 14.0
Dodging        | 1 3 |  3.1
Invocations    | 1 4 7 10 | 10.0
Throwing       | 1 3 4 5 6 7 |  7.5
Armour         | 7 8 10 11 12 | 12.6
Shields        | 4 5 6 7 8 13 14 | 14.0

Action                     |  1- 3 |  4- 6 |  7- 9 | 10-12 | 13-15 | 16-18 || total
---------------------------+-------+-------+-------+-------+-------+-------++-------
  Melee: War axe           |    99 |   195 |   248 |   510 |    58 |       ||  1110
         Demon whip        |       |       |       |     7 |    49 |       ||    56
         Broad axe         |       |       |       |       |   826 |   506 ||  1332
  Throw: Boomerang         |       |    65 |    17 |     3 |    48 |    44 ||   177
         Javelin           |       |       |    26 |    52 |   215 |   124 ||   417
 Invoke: Heroism           |       |       |     9 |    27 |    38 |    16 ||    90
         Finesse           |       |       |       |     1 |     3 |     4 ||     8
    Use: Scroll            |     4 |     9 |     5 |     5 |    11 |     3 ||    37
         Potion            |       |     1 |     1 |       |     8 |     3 ||    13
 Armour: Scale mail        |    48 |   104 |    62 |       |       |       ||   214
         Chain mail        |       |       |    33 |       |       |       ||    33
         Plate armour      |       |       |    41 |   386 |   587 |   321 ||  1335
  Dodge: Dodged            |    40 |    91 |    95 |   234 |   338 |   148 ||   946
  Block: Buckler           |    14 |    34 |    51 |   124 |   154 |       ||   377
         Kite shield       |       |       |       |       |   135 |   267 ||   402

Table legend:
 A = Non-vault XP
 B = Vault XP
 C = Vault XP percentage of total XP
 D = Non-vault monster count
 E = Vault monster count
 F = Vault count percentage of total count
                 A         B        C        D         E       F
            +---------+---------+-------+---------+---------+-------
      Total |  152921 |   50829 |  24.9 |     640 |     216 |  25.2
            +---------+---------+-------+---------+---------+-------
        D:1 |      38 |       5 |  11.6 |      21 |       2 |   8.7
        D:2 |      50 |       0 |   0.0 |      17 |       0 |   0.0
        D:3 |       9 |      70 |  88.6 |       7 |      22 |  75.9
        D:4 |     122 |      13 |   9.6 |      15 |       1 |   6.2
        D:5 |     974 |      41 |   4.0 |      24 |       1 |   4.0
        D:6 |    1053 |       0 |   0.0 |      16 |       0 |   0.0
        D:7 |    1221 |       0 |   0.0 |      19 |       0 |   0.0
        D:8 |    3743 |    1424 |  27.6 |      27 |       6 |  18.2
        D:9 |    3369 |    7209 |  68.2 |      25 |      22 |  46.8
       D:10 |    3033 |       0 |   0.0 |      27 |       0 |   0.0
       D:11 |    5035 |     895 |  15.1 |      20 |       1 |   4.8
       D:12 |    6187 |     232 |   3.6 |      17 |       7 |  29.2
       D:13 |    8351 |    1520 |  15.4 |      19 |       3 |  13.6
       D:14 |   13606 |    1037 |   7.1 |      24 |       1 |   4.0
       D:15 |   10233 |    1182 |  10.4 |      21 |       1 |   4.5
     Lair:1 |    1951 |    2528 |  56.4 |      13 |       7 |  35.0
     Lair:2 |   11213 |     170 |   1.5 |      54 |       1 |   1.8
     Lair:3 |    3022 |       0 |   0.0 |      14 |       0 |   0.0
     Lair:4 |    8084 |     603 |   6.9 |      34 |       2 |   5.6
     Lair:5 |   16696 |    5001 |  23.0 |      48 |      11 |  18.6
   Spider:1 |   20863 |       0 |   0.0 |      55 |       0 |   0.0
   Spider:2 |   15980 |    7890 |  33.1 |      39 |       9 |  18.8
   Spider:3 |   11704 |       0 |   0.0 |      24 |       0 |   0.0
      Orc:1 |    4389 |       0 |   0.0 |      36 |       0 |   0.0
      Orc:2 |    1995 |   15318 |  88.5 |      24 |      56 |  70.0
      Sewer |       0 |     445 | 100.0 |       0 |      50 | 100.0
   Gauntlet |       0 |    5246 | 100.0 |       0 |      13 | 100.0
            +---------+---------+-------+---------+---------+-------
